3109 views
Uploaded 2020-03-08 14:49:56
Game version 1.32.2
32:32 long 1on1on1on1 ladder game on (4)Deathrose
Saved by TALONSARIMBA
3109 views
Uploaded 2020-03-08 14:49:56
Game version 1.32.2
32:32 long 1on1on1on1 ladder game on (4)Deathrose

42 units @ 6.7k
/ 0.9k
18 buildings @ 2.9k
/ 1.3k


| Potion of Healing | 1 | 150 |
| total: | 1 | 150g |
| Acolyte | 7 | 525 | / | 0 |
| Ghoul | 18 | 2160 | / | 0 |
| Crypt Fiend | 8 | 1720 | / | 320 |
| Necromancer | 3 | 435 | / | 60 |
| Banshee | 2 | 310 | / | 60 |
| Frost Wyrm | 4 | 1540 | / | 480 |
| total: | 42 | 6690g | / | 920w |
| Nerubian Tower | 1 | 100 | / | 20 |
| Spirit Tower | 2 | 290 | / | 80 |
| Ziggurat | 9 | 1350 | / | 450 |
| Crypt | 2 | 400 | / | 100 |
| Altar of Darkness | 1 | 180 | / | 50 |
| Graveyard | 1 | 215 | / | 0 |
| Tomb of Relics | 1 | 130 | / | 30 |
| Sacrificial Pit | 1 | 75 | / | 150 |
| Temple of the Damned | 1 | 155 | / | 140 |
| Boneyard | 2 | 350 | / | 400 |
| Halls of the Dead | 1 | 320 | / | 210 |
| Black Citadel | 1 | 325 | / | 230 |
| total: | 18 | 2855g | / | 1320w |
| 0:06 | Acolyte |
| 0:06 | Acolyte |
| 0:06 | Acolyte |
| 0:20 | Ziggurat |
| 0:35 | Crypt |
| 0:50 | Altar of Darkness |
| 1:38 | Ziggurat |
| 1:41 | Ghoul |
| 1:41 | Ghoul |
| 1:42 | Ghoul |
| 2:45 | Halls of the Dead |
| 2:48 | Ghoul |
| 2:48 | Ghoul |
| 3:06 | Graveyard |
| 3:18 | Ziggurat |
| 3:21 | Nerubian Tower |
| 3:30 | Cannibalize |
| 3:43 | Tomb of Relics |
| 4:00 | Frost Nova |
| 4:30 | Ziggurat |
| 4:37 | Creature Attack |
| 4:38 | Creature Carapace |
| 4:46 | Crypt Fiend |
| 5:15 | Crypt Fiend |
| 5:22 | Spirit Tower |
| 6:26 | Dark Ritual |
| 7:13 | Frost Arrows |
| 7:20 | Acolyte |
| 7:20 | Acolyte |
| 7:21 | Acolyte |
| 7:22 | Acolyte |
| 8:03 | Spirit Tower |
| 8:06 | Improved Creature Attack |
| 8:06 | Improved Creature Carapace |
| 8:13 | Crypt Fiend |
| 8:29 | Potion of Healing |
| 8:47 | Crypt Fiend |
| 9:04 | Crypt |
| 9:09 | Ziggurat |
| 9:40 | Ghoul |
| 9:40 | Ghoul |
| 9:40 | Ghoul |
| 9:57 | Black Citadel |
| 10:57 | Frost Nova |
| 10:59 | Mana Shield |
| 11:15 | Crypt Fiend |
| 11:15 | Crypt Fiend |
| 11:16 | Crypt Fiend |
| 11:16 | Crypt Fiend |
| 11:28 | Sacrificial Pit |
| 11:51 | Temple of the Damned |
| 11:55 | Ziggurat |
| 11:56 | Ziggurat |
| 11:56 | Ziggurat |
| 11:58 | Ziggurat |
| 13:04 | Skeletal Mastery |
| 13:04 | Necromancer Adept Training |
| 13:04 | Banshee Adept Training |
| 13:05 | Necromancer |
| 13:05 | Banshee |
| 13:06 | Banshee |
| 13:14 | Ghoul |
| 13:16 | Ghoul |
| 13:16 | Ghoul |
| 13:16 | Ghoul |
| 13:16 | Ghoul |
| 13:50 | Ghoul |
| 13:51 | Ghoul |
| 13:51 | Ghoul |
| 13:51 | Ghoul |
| 13:51 | Ghoul |
| 14:07 | Frost Nova |
| 14:08 | Dark Ritual |
| 14:27 | Boneyard |
| 14:27 | Boneyard |
| 14:34 | Frost Arrows |
| 15:09 | Necromancer Master Training |
| 15:10 | Necromancer |
| 15:10 | Necromancer |
| 16:29 | Forked Lightning |
| 17:08 | Frost Wyrm |
| 17:08 | Frost Wyrm |
| 17:08 | Frost Wyrm |
| 17:09 | Frost Wyrm |
| 20:16 | Frost Arrows |
| Right click | 296 |
| Select | 226 |
| Build/train/purchase | 78 |
| Use ability | 24 |
| Select group | 6 |
| Assign group | 4 |
38 units @ 6k
/ 1k
31 buildings @ 4.7k
/ 2.4k


| Healing Salve | 4 | 400 |
| Lesser Clarity Potion | 1 | 70 |
| Potion of Healing | 4 | 600 |
| Orb of Lightning | 1 | 375 |
| Potion of Mana | 1 | 200 |
| total: | 11 | 1645g |
| Peon | 19 | 1425 | / | 0 |
| Wind Rider | 8 | 2120 | / | 320 |
| Troll Witch Doctor | 2 | 290 | / | 50 |
| Tauren | 6 | 1680 | / | 480 |
| Troll Batrider | 3 | 480 | / | 120 |
| total: | 38 | 5995g | / | 970w |
| Watch Tower | 13 | 1430 | / | 1040 |
| Altar of Storms | 1 | 180 | / | 50 |
| Orc Burrow | 8 | 1280 | / | 320 |
| War Mill | 1 | 205 | / | 0 |
| Voodoo Lounge | 2 | 260 | / | 60 |
| Great Hall | 2 | 770 | / | 370 |
| Beastiary | 2 | 290 | / | 280 |
| Spirit Lodge | 1 | 150 | / | 150 |
| Tauren Totem | 1 | 135 | / | 155 |
| Stronghold | 1 | 315 | / | 190 |
| Fortress | 1 | 325 | / | 190 |
| total: | 31 | 4700g | / | 2425w |
| 0:03 | Peon |
| 0:03 | Peon |
| 0:03 | Peon |
| 0:03 | Peon |
| 0:19 | Altar of Storms |
| 0:26 | Orc Burrow |
| 0:44 | War Mill |
| 1:08 | Voodoo Lounge |
| 1:10 | Peon |
| 1:30 | Peon |
| 1:30 | Peon |
| 1:52 | Peon |
| 1:52 | Peon |
| 2:09 | Watch Tower |
| 2:14 | Watch Tower |
| 2:25 | Peon |
| 2:34 | Healing Salve |
| 2:42 | Lesser Clarity Potion |
| 3:12 | Wind Walk |
| 3:25 | Stronghold |
| 3:32 | Spiked Barricades |
| 4:14 | Watch Tower |
| 4:33 | Orc Burrow |
| 4:36 | Orc Burrow |
| 4:38 | Steel Ranged Weapons |
| 5:54 | Beastiary |
| 5:56 | Critical Strike |
| 6:01 | Beastiary |
| 6:25 | Steel Armor |
| 6:35 | Orc Burrow |
| 6:48 | War Stomp |
| 7:06 | Wind Rider |
| 7:32 | Reinforced Defenses |
| 7:42 | Wind Rider |
| 7:50 | Wind Rider |
| 8:00 | Healing Salve |
| 8:25 | Spirit Lodge |
| 9:13 | Watch Tower |
| 9:16 | Watch Tower |
| 9:29 | Thorium Ranged Weapons |
| 9:32 | Wind Rider |
| 9:51 | Great Hall |
| 10:03 | Watch Tower |
| 10:19 | Watch Tower |
| 10:27 | Great Hall |
| 10:32 | Watch Tower |
| 10:58 | Critical Strike |
| 11:03 | Endurance Aura |
| 11:22 | Watch Tower |
| 11:28 | Wind Rider |
| 11:30 | Witch Doctor Adept Training |
| 11:32 | Fortress |
| 12:00 | Healing Salve |
| 12:11 | Watch Tower |
| 12:20 | Thorium Armor |
| 12:30 | Watch Tower |
| 12:50 | Orc Burrow |
| 13:45 | Peon |
| 13:45 | Peon |
| 14:07 | Envenomed Spears |
| 14:10 | Tauren Totem |
| 14:17 | Troll Witch Doctor |
| 14:26 | Peon |
| 14:26 | Peon |
| 14:26 | Peon |
| 14:26 | Peon |
| 14:37 | Steel Melee Weapons |
| 15:25 | Watch Tower |
| 15:28 | Watch Tower |
| 15:33 | Peon |
| 15:33 | Peon |
| 15:33 | Peon |
| 15:59 | War Stomp |
| 16:02 | Healing Salve |
| 16:11 | Potion of Healing |
| 16:34 | Witch Doctor Master Training |
| 16:40 | Tauren |
| 17:28 | Wind Rider |
| 17:32 | Tauren |
| 18:04 | Tauren |
| 18:17 | Orb of Lightning |
| 18:18 | Potion of Healing |
| 18:22 | Potion of Mana |
| 18:51 | Potion of Healing |
| 19:00 | Potion of Healing |
| 19:17 | Wind Rider |
| 19:53 | Tauren |
| 20:09 | Mirror Image |
| 20:22 | Wind Rider |
| 20:56 | Tauren |
| 21:03 | Critical Strike |
| 21:43 | Troll Witch Doctor |
| 22:01 | Voodoo Lounge |
| 22:05 | Tauren |
| 22:19 | Orc Burrow |
| 22:34 | Shaman Adept Training |
| 22:38 | Orc Burrow |
| 22:45 | Orc Burrow |
| 24:03 | Troll Batrider |
| 24:03 | Troll Batrider |
| 24:03 | Troll Batrider |
| 24:48 | Shaman Master Training |
| Right click | 672 |
| Select | 389 |
| Select group | 190 |
| Build/train/purchase | 112 |
| Misc. action | 77 |
| Use ability | 24 |
| Assign group | 18 |
33 units @ 4.6k
/ 0.5k
31 buildings @ 5k
/ 2.1k



| Healing Salve | 3 | 300 |
| Lesser Clarity Potion | 2 | 140 |
| Tiny Great Hall | 1 | 600 |
| Orb of Lightning | 1 | 375 |
| Circlet of Nobility | 1 | 175 |
| Potion of Lesser Invulnerability | 1 | 150 |
| Claws of Attack +9 | 1 | 300 |
| Crown of Kings +5 | 1 | 1000 |
| Mask of Death | 1 | 1000 |
| Belt of Giant Strength +6 | 1 | 400 |
| Inferno Stone | 1 | 800 |
| Ring of Protection +4 | 1 | 300 |
| total: | 15 | 5540g |
| Peon | 18 | 1350 | / | 0 |
| Grunt | 1 | 200 | / | 0 |
| Wind Rider | 9 | 2385 | / | 360 |
| Shaman | 5 | 650 | / | 100 |
| total: | 33 | 4585g | / | 460w |
| Watch Tower | 11 | 1210 | / | 880 |
| Altar of Storms | 2 | 360 | / | 100 |
| War Mill | 4 | 820 | / | 0 |
| Orc Burrow | 7 | 1120 | / | 280 |
| Barracks | 1 | 180 | / | 50 |
| Voodoo Lounge | 1 | 130 | / | 30 |
| Great Hall | 2 | 770 | / | 370 |
| Beastiary | 2 | 290 | / | 280 |
| Spirit Lodge | 1 | 150 | / | 150 |
| Stronghold | 1 | 315 | / | 190 |
| Fortress | 1 | 325 | / | 190 |
| total: | 31 | 5030g | / | 2140w |
| 0:05 | Altar of Storms |
| 0:08 | War Mill |
| 0:09 | Altar of Storms |
| 0:12 | Orc Burrow |
| 0:12 | Peon |
| 0:30 | Barracks |
| 0:34 | Peon |
| 0:48 | Peon |
| 1:04 | Peon |
| 1:21 | Peon |
| 1:32 | Grunt |
| 1:40 | Voodoo Lounge |
| 1:47 | Peon |
| 2:02 | Peon |
| 2:07 | Orc Burrow |
| 2:15 | Wind Walk |
| 2:21 | Peon |
| 3:02 | War Mill |
| 3:11 | Stronghold |
| 3:31 | Healing Salve |
| 3:39 | Orc Burrow |
| 4:19 | Critical Strike |
| 4:38 | Orc Burrow |
| 4:42 | Lesser Clarity Potion |
| 5:17 | Orc Burrow |
| 5:41 | Beastiary |
| 5:44 | Beastiary |
| 6:41 | Healing Salve |
| 6:41 | Lesser Clarity Potion |
| 6:49 | Wind Rider |
| 6:51 | Wind Rider |
| 6:58 | Hex |
| 7:20 | Fortress |
| 7:39 | Wind Rider |
| 7:41 | Wind Rider |
| 7:52 | Healing Salve |
| 8:14 | War Mill |
| 8:41 | Critical Strike |
| 8:48 | Healing Wave |
| 10:05 | Tiny Great Hall |
| 10:06 | Orb of Lightning |
| 10:30 | Envenomed Spears |
| 10:46 | Circlet of Nobility |
| 10:55 | Potion of Lesser Invulnerability |
| 10:58 | Hex |
| 11:07 | Peon |
| 11:07 | Peon |
| 11:07 | Peon |
| 11:12 | Peon |
| 11:19 | Peon |
| 11:25 | Wind Walk |
| 11:34 | Spirit Lodge |
| 11:45 | War Stomp |
| 11:57 | Steel Ranged Weapons |
| 13:03 | Critical Strike |
| 13:09 | Endurance Aura |
| 13:10 | Healing Wave |
| 13:22 | Thorium Ranged Weapons |
| 13:26 | Shaman Adept Training |
| 13:28 | Reinforced Defenses |
| 13:38 | Wind Rider |
| 13:58 | Great Hall |
| 14:37 | Steel Armor |
| 14:39 | Shaman Master Training |
| 14:40 | Orc Burrow |
| 14:42 | Orc Burrow |
| 15:28 | Ensnare |
| 15:29 | War Drums Damage Increase |
| 16:42 | War Stomp |
| 17:17 | Arcanite Ranged Weapons |
| 17:38 | Peon |
| 17:38 | Peon |
| 17:38 | Peon |
| 17:38 | Peon |
| 17:42 | Shaman |
| 17:42 | Shaman |
| 18:35 | Shaman |
| 18:43 | Bladestorm |
| 19:29 | Thorium Armor |
| 20:16 | Watch Tower |
| 20:17 | Watch Tower |
| 20:21 | Peon |
| 20:25 | Hex |
| 20:46 | Arcanite Armor |
| 21:06 | Endurance Aura |
| 21:12 | Claws of Attack +9 |
| 21:25 | Crown of Kings +5 |
| 21:32 | Mask of Death |
| 21:35 | Belt of Giant Strength +6 |
| 21:37 | Inferno Stone |
| 21:39 | Ring of Protection +4 |
| 21:54 | Watch Tower |
| 21:55 | Watch Tower |
| 22:33 | War Mill |
| 23:06 | Steel Melee Weapons |
| 24:25 | Wind Rider |
| 24:57 | War Stomp |
| 25:05 | Shaman |
| 25:18 | Watch Tower |
| 25:41 | Thorium Melee Weapons |
| 26:08 | Big Bad Voodoo |
| 27:07 | Reincarnation |
| 28:05 | Wind Rider |
| 28:09 | Arcanite Melee Weapons |
| 28:18 | Wind Walk |
| 28:33 | Wind Rider |
| 28:54 | Watch Tower |
| 29:19 | Wind Rider |
| 29:29 | Spiked Barricades |
| 29:36 | Great Hall |
| 29:41 | Shaman |
| 29:53 | Watch Tower |
| 29:54 | Watch Tower |
| 29:56 | Watch Tower |
| 29:58 | Watch Tower |
| 30:01 | Watch Tower |
| 30:41 | Mirror Image |
| 31:51 | Endurance Aura |
| Right click | 1818 |
| Select | 1048 |
| Select group | 1036 |
| Misc. action | 344 |
| Build/train/purchase | 152 |
| Use ability | 51 |
| Assign group | 26 |
| Item give/drop | 7 |
| Esc | 1 |
80 units @ 13.6k
/ 2.1k
40 buildings @ 5.3k
/ 2.8k


| Healing Salve | 4 | 400 |
| Lesser Clarity Potion | 2 | 140 |
| Potion of Healing | 1 | 150 |
| Potion of Mana | 1 | 200 |
| Tiny Great Hall | 1 | 600 |
| Orb of Lightning | 1 | 375 |
| total: | 10 | 1865g |
| Peon | 16 | 1200 | / | 0 |
| Grunt | 13 | 2600 | / | 0 |
| Troll Headhunter | 12 | 1680 | / | 240 |
| Shaman | 4 | 520 | / | 80 |
| Wind Rider | 3 | 795 | / | 120 |
| Tauren | 14 | 3920 | / | 1120 |
| Kodo Beast | 1 | 255 | / | 60 |
| Troll Berserker | 11 | 1540 | / | 220 |
| Raider | 6 | 1080 | / | 240 |
| total: | 80 | 13590g | / | 2080w |
| Watch Tower | 24 | 2640 | / | 1920 |
| Orc Burrow | 7 | 1120 | / | 280 |
| Altar of Storms | 2 | 360 | / | 100 |
| Barracks | 1 | 180 | / | 50 |
| War Mill | 2 | 410 | / | 0 |
| Voodoo Lounge | 1 | 130 | / | 30 |
| Spirit Lodge | 1 | 150 | / | 150 |
| Beastiary | 1 | 145 | / | 140 |
| Tauren Totem | 1 | 135 | / | 155 |
| Stronghold | 1 | 315 | / | 190 |
| Fortress | 1 | 325 | / | 190 |
| total: | 40 | 5270g | / | 2825w |
| 0:05 | Peon |
| 0:05 | Peon |
| 0:05 | Peon |
| 0:12 | Orc Burrow |
| 0:19 | Altar of Storms |
| 0:36 | Barracks |
| 0:42 | Peon |
| 1:13 | War Mill |
| 1:41 | Grunt |
| 2:02 | Orc Burrow |
| 2:07 | Peon |
| 2:23 | Endurance Aura |
| 2:28 | Troll Headhunter |
| 2:39 | Orc Burrow |
| 2:47 | Orc Burrow |
| 2:55 | Troll Headhunter |
| 3:06 | Pillage |
| 3:18 | Peon |
| 3:22 | Troll Headhunter |
| 3:29 | Troll Headhunter |
| 3:39 | Steel Ranged Weapons |
| 4:44 | Stronghold |
| 5:12 | Troll Headhunter |
| 5:12 | Troll Headhunter |
| 5:16 | Steel Melee Weapons |
| 5:54 | War Stomp |
| 6:14 | Troll Headhunter |
| 6:16 | Steel Armor |
| 6:17 | Spiked Barricades |
| 6:44 | War Mill |
| 6:54 | Voodoo Lounge |
| 7:18 | Troll Headhunter |
| 7:18 | Troll Regeneration |
| 7:20 | Grunt |
| 7:32 | Troll Headhunter |
| 7:44 | Peon |
| 7:44 | Peon |
| 7:45 | Peon |
| 7:45 | Peon |
| 8:11 | Backpack |
| 8:15 | Healing Salve |
| 8:17 | Lesser Clarity Potion |
| 8:18 | Potion of Healing |
| 8:18 | Potion of Mana |
| 9:01 | Watch Tower |
| 9:05 | Watch Tower |
| 9:06 | Watch Tower |
| 9:10 | Watch Tower |
| 9:10 | Watch Tower |
| 9:11 | Watch Tower |
| 9:13 | Watch Tower |
| 9:15 | Watch Tower |
| 9:16 | Watch Tower |
| 9:21 | Watch Tower |
| 9:25 | Troll Headhunter |
| 9:37 | Shockwave |
| 10:32 | Fortress |
| 11:11 | Endurance Aura |
| 11:25 | Thorium Ranged Weapons |
| 11:28 | Grunt |
| 11:29 | Grunt |
| 11:30 | Berserker Strength |
| 11:31 | Troll Headhunter |
| 11:31 | Troll Headhunter |
| 12:37 | Spirit Lodge |
| 12:52 | Beastiary |
| 13:09 | Tiny Great Hall |
| 13:52 | Watch Tower |
| 13:57 | Watch Tower |
| 14:04 | Watch Tower |
| 14:07 | Watch Tower |
| 14:09 | Watch Tower |
| 14:18 | Peon |
| 14:19 | Peon |
| 14:19 | Peon |
| 14:19 | Peon |
| 14:20 | Peon |
| 14:21 | Peon |
| 15:31 | Tauren Totem |
| 15:52 | Healing Salve |
| 16:00 | Lesser Clarity Potion |
| 16:05 | Orb of Lightning |
| 16:09 | Shaman Adept Training |
| 16:11 | Shaman |
| 16:11 | Shaman |
| 16:25 | Wind Rider |
| 16:26 | Wind Rider |
| 16:41 | Orc Burrow |
| 16:45 | Orc Burrow |
| 16:52 | Orc Burrow |
| 17:30 | Healing Wave |
| 17:41 | Watch Tower |
| 17:42 | Watch Tower |
| 17:43 | Watch Tower |
| 17:45 | Watch Tower |
| 17:47 | Watch Tower |
| 17:47 | Watch Tower |
| 17:48 | Watch Tower |
| 18:37 | Shaman Master Training |
| 19:19 | Watch Tower |
| 19:22 | Watch Tower |
| 21:04 | Hex |
| 21:21 | Endurance Aura |
| 21:58 | Tauren |
| 21:58 | Tauren |
| 22:03 | Tauren |
| 23:12 | Healing Salve |
| 23:18 | Healing Salve |
| 23:47 | Pulverize |
| 23:49 | Tauren |
| 23:56 | Tauren |
| 24:00 | Tauren |
| 24:21 | Grunt |
| 24:21 | Grunt |
| 24:22 | Berserker Upgrade |
| 24:25 | Grunt |
| 24:25 | Grunt |
| 24:26 | Grunt |
| 24:28 | Grunt |
| 25:33 | Kodo Beast |
| 25:34 | War Drums Damage Increase |
| 25:37 | Wind Rider |
| 26:51 | Troll Berserker |
| 26:51 | Troll Berserker |
| 26:51 | Troll Berserker |
| 26:52 | Troll Berserker |
| 26:59 | Raider |
| 26:59 | Raider |
| 26:59 | Raider |
| 26:59 | Raider |
| 26:59 | Raider |
| 26:59 | Raider |
| 27:50 | Altar of Storms |
| 28:14 | Grunt |
| 28:14 | Grunt |
| 28:14 | Grunt |
| 28:17 | Tauren |
| 28:17 | Tauren |
| 28:40 | Shaman |
| 28:40 | Shaman |
| 29:26 | Tauren |
| 30:01 | Troll Berserker |
| 30:01 | Troll Berserker |
| 30:01 | Troll Berserker |
| 30:01 | Troll Berserker |
| 30:01 | Troll Berserker |
| 30:02 | Troll Berserker |
| 30:02 | Troll Berserker |
| 30:56 | Tauren |
| 30:56 | Tauren |
| 30:56 | Tauren |
| 30:56 | Tauren |
| 30:56 | Tauren |
| Right click | 568 |
| Select | 341 |
| Build/train/purchase | 139 |
| Misc. action | 43 |
| Select group | 36 |
| Use ability | 32 |
| Assign group | 12 |
| Remove unit | 7 |
| Chat | 7 |
| Item give/drop | 3 |
⇛